 Dungeon Crawl Stone Soup version 0.28.0-53-g5a82cb258f (webtiles) character file.

Game seed: 132702783455001291

587 Sin92 the Skirmisher (level 7, -1/55 HPs)
             Began as a Demonspawn Fighter on July 1, 2022.
             Was an Initiate of Okawaru.
             Splashed by a jelly's acid (9 damage)
             ... on level 5 of the Dungeon.
             The game lasted 00:09:53 (5445 turns).

Sin92 the Skirmisher (Demonspawn Fighter)           Turns: 5445, Time: 00:09:54

Health: -1/55      AC: -1    Str: 16    XL:     7   Next: 15%
Magic:  7/7        EV: 12    Int:  9    God:    Okawaru [......]
Gold:   242        SH:  5    Dex: 15    Spells: 6/6 levels left

rFire   . . .      SeeInvis .   p - +4 dagger
rCold   . . .      Faith    .   c - +0 buckler
rNeg    . . .      Spirit   .   h - +1 chain mail
rPois   .          Reflect  .   (no helmet)
rElec   .          Harm     .   (no cloak)
rCorr   .          Rampage  .   (no gloves)
Will    .....                   (no boots)
Stlth   ..........              (no amulet)
HPRegen 0.18/turn               l - +4 ring of evasion
MPRegen 0.10/turn               (no ring)

@: corroded
A: hooves 1, powered by pain 2, sturdy frame 1
a: Renounce Religion


You were on level 5 of the Dungeon.
You worshipped Okawaru.
Okawaru was noncommittal.
You visited 2 branches of the dungeon, and saw 6 of its levels.

You collected 242 gold pieces.

Inventory:

Hand Weapons
 a - a +0 long sword
 p - a +4 dagger (weapon)
Missiles
 f - a throwing net (quivered)
Armour
 b - a +0 scale mail
 c - a +0 buckler (worn)
 h - a +1 chain mail (worn)
Jewellery
 l - a +4 ring of evasion (left hand)
Wands
 m - a wand of flame (10)
 q - a wand of polymorph (2)
Scrolls
 g - a scroll of torment
 j - a scroll of teleportation
Potions
 d - a potion of might
 e - a potion of flight
 i - a potion of ambrosia
 k - a potion of magic {unknown}


   Skills:
 + Level 4.3 Fighting
 + Level 0.1(2.0) Short Blades
 + Level 3.3 Long Blades
 + Level 3.8 Armour
 + Level 2.3 Dodging
 + Level 2.7 Stealth
 + Level 3.9 Shields


You had 6 spell levels left.
You didn't know any spells.
Your spell library contained the following spells:

 Spells                   Type           Power      Damage    Failure   Level
 Beastly Appendage        Tmut           0%         N/A       99%         1
 Wereblood                Tmut           0%         N/A       100%        2
 Spider Form              Tmut/Pois      0%         N/A       100%        3


Dungeon Overview and Level Annotations

Branches:
Dungeon (5/15)             Temple (1/1) D:4

Altars:
Ashenzari
Cheibriados
Dithmenos
Elyvilon
Fedhas
Gozag
Hepliaklqana
Kikubaaqudgha
Makhleb
Okawaru
Qazlal
Ru
Sif Muna
Trog
Uskayaw
Vehumet
Wu Jian
Xom
Yredelemnul
Zin
The Shining One


Innate Abilities, Weirdness & Mutations

You have large cloven feet.
You sometimes gain power by taking damage.
Your movements are slightly less encumbered by armour. (ER -2)


Message History

Unknown command.
A jelly is nearby!
You barely miss the jelly. Your kick misses the jelly.
The jelly is heavily wounded.
The jelly hits you but does no damage.
Unknown command.
A jelly is nearby!
You completely miss the jelly.
The jelly is heavily wounded.
The jelly hits you but does no damage.
A jelly is nearby!
Unknown command.
You hit the jelly. The acid corrodes you!
Your hands burn!
You kick the jelly, but do no damage.
The jelly is heavily wounded.
The jelly hits you. The acid corrodes you!
You are splashed with acid!
Unknown command.
You are too injured to fight recklessly!
A jelly is nearby!
You are too injured to fight recklessly!
You are too injured to fight recklessly!
You hit the jelly but do no damage.
Your hands burn!
Your kick misses the jelly.
The jelly is heavily wounded.
You block the jelly's attack.
You hit the jelly but do no damage.
Your hands burn!
The jelly is heavily wounded.
The jelly hits you. The acid corrodes you!
You are splashed with acid.
* * * LOW HITPOINT WARNING * * *
You hit the jelly but do no damage.
Your hands burn!
* * * LOW HITPOINT WARNING * * *
You kick the jelly, but do no damage.
The jelly is heavily wounded.
You hit the jelly but do no damage.
Your hands burn!
* * * LOW HITPOINT WARNING * * *
The jelly is heavily wounded.
The jelly hits you.
* * * LOW HITPOINT WARNING * * *
You are splashed with acid!
You die...

###### .....#
.....###################
.....#..........@J....$.
.....#.#################
.....#.######
.....'........
.....#.#######
........... .......####
###....# ###....####


You could see a jelly.

Vanquished Creatures
  An ogre (D:4)
  A phantom (D:4)
  A scorpion (D:4)
  A centaur zombie (D:4)
  A jelly (D:5)
  An orc priest (D:4)
  A gnoll shaman (D:4)
  An iguana (D:3)
  3 orc wizards (D:4)
  A hound skeleton (D:4)
  5 adders
  15 orcs
  5 ball pythons
  9 endoplasms
  2 giant cockroaches
  8 goblins
  8 hobgoblins
  4 kobolds
  3 quokkas
  5 bats
  5 frilled lizards
  6 rats
87 creatures vanquished.

Notes
Turn   | Place    | Note
-------+----------+-------------------------------------------
     0 | D:1      | Sin92 the Demonspawn Fighter began the quest for the Orb.
     0 | D:1      | Reached XP level 1. HP: 18/18 MP: 1/1
   265 | D:1      | Gained mutation: You have large cloven feet. [demonic
                  | ancestry]
   265 | D:1      | Reached XP level 2. HP: 24/24 MP: 2/2
  1285 | D:2      | Reached XP level 3. HP: 29/29 MP: 3/3
  1432 | D:2      | Reached skill level 1 in Stealth
  1923 | D:3      | Reached skill level 1 in Dodging
  2007 | D:3      | Reached XP level 4. HP: 33/35 MP: 4/4
  2232 | D:3      | Found a faded altar of an unknown god.
  2847 | D:4      | Gained mutation: Your movements are slightly less
                  | encumbered by armour. (ER -2) [demonic ancestry]
  2847 | D:4      | Reached XP level 5. HP: 22/41 MP: 5/5
  3021 | D:4      | Noticed an ogre
  3029 | D:4      | Killed an ogre
  3042 | D:4      | Noticed a phantom
  3058 | D:4      | Killed a phantom
  3059 | D:4      | Reached skill level 4 in Fighting
  3059 | D:4      | Gained mutation: You sometimes gain a little power by
                  | taking damage. [demonic ancestry]
  3059 | D:4      | Reached XP level 6. HP: 46/48 MP: 6/6
  3425 | D:4      | Found a staircase to the Ecumenical Temple.
  3450 | Temple   | Entered the Ecumenical Temple
  3856 | Temple   | Became a worshipper of Warmaster Okawaru
  4214 | D:5      | Entered Level 5 of the Dungeon
  4646 | D:4      | Gained mutation: You sometimes gain power by taking damage.
                  | [demonic ancestry]
  4646 | D:4      | Reached XP level 7. HP: 45/54 MP: 7/7
  5445 | D:5      | Splashed by a jelly's acid

Illustrated notes

Levels and vault maps discovered:
D:1:      saegor_arrival_under_anarchy, layout_basic
D:2:      layout_rooms, basic_altar, kennysheep_nondescript
D:3:      layout_loops_cross, shapermc_ecumenical_altar_notcrosses, st_stairs_1
D:4:      layout_loops_ring, minmay_temple_entry_purple_smoke, minmay_puff
D:5:      layout_basic, chequers_jeans
Temple:   mainiacjoe_temple_trianglar_array

Skill      XL: |  1  2  3  4  5  6 |
---------------+-------------------+-----
Long Blades    | 2 3 |  3.3
Shields        | 3 |  3.9
Armour         | 3 |  3.8
Stealth        | 1 2 |  2.7
Dodging        | 1 2 |  2.3
Fighting       | 4 |  4.3
Short Blades   | |  0.1

Action                   |  1- 3 |  4- 6 |  7- 9 || total
-------------------------+-------+-------+-------++-------
Melee: Long sword        |   111 |   131 |    16 ||   258
       Kick              |    19 |    30 |    17 ||    66
       Unarmed           |       |     7 |       ||     7
       Dagger            |       |       |    35 ||    35
  Use: Scroll            |     2 |     6 |     4 ||    12
       Potion            |       |     1 |       ||     1
Armor: Scale mail        |    63 |       |       ||    63
       Chain mail        |    10 |    78 |    13 ||   101
Dodge: Dodged            |    53 |    71 |    18 ||   142
Block: Buckler           |    34 |    45 |    10 ||    89
